 Dungeon Crawl Stone Soup version 0.21-a0-52-gbf49515 (webtiles) character file.

9 mopl the Skirmisher (level 2, 0/29 HPs)
             Began as a Troll Wanderer on June 13, 2017.
             Slain by Terence
             ... wielding a +2 flail of protection
              (3 damage)
             ... on level 2 of the Dungeon.
             The game lasted 00:00:55 (636 turns).

mopl the Skirmisher (Troll Wanderer)                 Turns: 636, Time: 00:00:56

Health: 0/29       AC:  5    Str: 17    XL:     2   Next: 6%
Magic:  1/1        EV:  9    Int:  9    God:
Gold:   29         SH:  0    Dex: 10    Spells: 1/1 levels left

rFire    . . .     SeeInvis .     - Unarmed
rCold    . . .     Gourm    +   (no shield)
rNeg     . . .     Faith    .   d - +0 robe
rPois    .         Spirit   .   (helmet restricted)
rElec    .         Reflect  .   (no cloak)
rCorr    .         Harm     .   (gloves unavailable)
MR       .....                  (boots unavailable)
Stlth    +.........             (no amulet)
Regen    0.5/turn               (no ring)
MPRegen  0.1/turn               (no ring)

@: no status effects
A: unfitting armour, claws 3, fast metabolism 3, gourmand, regeneration 1,
shaggy fur 1, tough skin 2
a: no special abilities


You were on level 2 of the Dungeon.
You were full.

You visited 1 branch of the dungeon, and saw 2 of its levels.

You collected 29 gold pieces.

Inventory:

Armour
 d - a +0 robe (worn)
Scrolls
 a - a scroll of remove curse {unknown}
 b - a scroll of identify
 e - 2 scrolls of blinking {unknown}
 h - a scroll of teleportation {unknown}
 k - a scroll of recharging {unknown}
Potions
 c - 2 potions of curing
 g - a potion of lignification {!q}
 j - a potion of haste
 m - 2 potions of flight
Comestibles
 f - 3 bread rations
 i - a royal jelly
 l - a meat ration


   Skills:
 + Level 2.5 Fighting
   Level 2.4 Short Blades
 + Level 1.0 Throwing
 - Level 1.0 Stealth
 * Level 1.8 Unarmed Combat
   Level 1.0 Evocations


You had one spell level left.
You didn't know any spells.

Dungeon Overview and Level Annotations

Branches:
Dungeon (2/15)

Altars:
The Shining One

Annotations:
D:2 Terence


Innate Abilities, Weirdness & Mutations

You are too large for most types of armour.
You have claws for hands.
Your metabolism is lightning-fast.
You like to eat raw meat.
Your natural rate of healing is unusually fast.
You are covered in fur. (AC +1)
You have very tough skin. (AC +2)


Message History

You are too injured to fight recklessly!
You are too injured to fight recklessly!
You are too injured to fight recklessly!
You are too injured to fight recklessly!
You are too injured to fight recklessly!
You scratch Terence but do no damage.
Terence is moderately wounded.
Terence hits you with a flail of protection.
* * * LOW HITPOINT WARNING * * *
You scratch Terence but do no damage.
Terence is moderately wounded.
Terence hits you but does no damage.
You scratch Terence but do no damage.
Terence is moderately wounded.
Terence hits you with a flail of protection!
* * * LOW HITPOINT WARNING * * *
You claw Terence!
Terence is almost dead.
Terence hits you with a flail of protection.
You die...

##.#.#.....<......#..#
#######....#.##.#################
......<.#..#.....................
.######....#.##.#...#...#...#...#
####.#.##..................
#.#.####...#...#...#...# #.#.#
#.................
#.#.####################
.#....@@.....# #############


You could see Terence.

Vanquished Creatures
  A leopard gecko (D:1)
  A giant cockroach (D:2)
  2 goblins (D:1)
  A kobold (D:1)
  2 bats
  A rat (D:1)
8 creatures vanquished.

Notes
Turn   | Place    | Note
-------+----------+-------------------------------------------
     0 | D:1      | mopl the Troll Wanderer began the quest for the Orb.
     0 | D:1      | mopl set off with: a +2 short sword, a +0 quarterstaff, a potion of curing, a +0 robe, 2 bread rations
     0 | D:1      | Reached XP level 1. HP: 22/22 MP: 0/0
   583 | D:2      | Reached XP level 2. HP: 28/29 MP: 1/1
   597 | D:2      | Found a glowing golden altar of the Shining One.
   623 | D:2      | Noticed Terence
   636 | D:2      | Slain by Terence

Vault maps used:
D:1:      minmay_arrival_checkered_box
D:2:      lemuel_coloured_pillars_altar, nicolae_ashenzari_panopticon,
          chequers_ecumenical_altar_simple_redux, uniq_terence

Action                   || total
-------------------------++-------
Melee: Unarmed           ||    31
  Use: Scroll            ||     3
  Eat: Chunk             ||     7
Armor: Robe              ||    13
Dodge: Dodged            ||    13
